 Dungeon Crawl Stone Soup version 0.17-a0-1793-gcbb3aa1 (webtiles) character file.

325 Oddball22 the Stinger (level 6, -2/41 HPs)
             Began as a Demonspawn Venom Mage on Sept 10, 2015.
             Slain by a hobgoblin (5 damage)
             ... led by Robin
             ... on level 4 of the Dungeon.
             The game lasted 00:15:41 (4235 turns).

Oddball22 the Stinger (Demonspawn Venom Mage)       Turns: 4235, Time: 00:15:41

Health: -2/41      AC:  3    Str:  8    XL:     6   Next: 24%
Magic:  0/11       EV: 14    Int: 16    God:
Gold:   150        SH:  0    Dex: 16    Spells: 4 memorised, 2 levels left

rFire  . . .     SeeInvis .     g - +0 dagger
rCold  . . .     Clarity  .     a - +0 robe
rNeg   . . .     SustAt   .     (no shield)
rPois  .         Gourm    .     (no helmet)
rElec  .         Spirit   +     r - +0 cloak
rCorr  .         Warding  .     (no gloves)
rMut   .         Stasis   .     (no boots)
MR     .....                    n - amulet of rage
Stlth  ++........               (no ring)
                                l - ring of wizardry

@: exhausted, slowed, very slow, not resistant to hostile enchantments,
unstealthy
A: repulsion field 1, magic shield
a: Evoke Berserk Rage


You were on level 4 of the Dungeon.
You were very hungry.

You visited 1 branch of the dungeon, and saw 4 of its levels.

You collected 150 gold pieces.

Inventory:

Hand weapons
 g - a +0 dagger (weapon)
 h - a +0 short sword
Armour
 a - a +0 robe (worn)
 r - a +0 cloak (worn)
Jewellery
 l - a ring of wizardry (left hand)
 n - an amulet of rage (around neck)
Scrolls
 d - 2 scrolls of amnesia {unknown}
 e - 2 scrolls of remove curse {unknown}
 f - 4 scrolls of identify {unknown}
 j - a scroll of immolation {unknown}
 o - a scroll of blinking {unknown}
 p - a scroll of magic mapping {unknown}
Potions
 i - a potion of cancellation {unknown}
 k - a potion of degeneration {unknown}
 q - 2 potions of lignification {unknown}
 s - 2 potions of haste {unknown}
Books
 b - a Young Poisoner's Handbook

   Spells                             Type                      Level
   a - Sting                          Conjuration/Poison           1
   b - Cure Poison                    Poison                       2
   c - Mephitic Cloud                 Conjuration/Poison/Air       3
   d - Olgreb's Toxic Radiance        Poison                       4
   e - Venom Bolt                     Conjuration/Poison           5
Comestibles
 c - 2 bread rations
 m - a beef jerky
 t - 2 chunks of flesh


   Skills:
 - Level 1.7 Dodging
 - Level 1.7 Stealth
 + Level 3.5 Spellcasting
 + Level 2.1 Conjurations
 * Level 6.3 Poison Magic


You had 2 spell levels left.
You knew the following spells:

 Your Spells              Type           Power        Failure   Level  Hunger
a - Sting                 Conj/Pois      ###.         1%          1    None
b - Cure Poison           Pois           ###.......   1%          2    ##.....
c - Mephitic Cloud        Conj/Pois/Air  ##......     7%          3    ###....
d - Olgreb's Toxic Radia  Pois           ###.....     6%          4    ####...


Dungeon Overview and Level Annotations

Branches:
Dungeon (4/15)
 Temple: D:4-7

Altars:
Fedhas
Kikubaaqudgha
Xom
Zin

Annotations:
D:3 Ebilmort's ghost, average HuCK; Grinder
D:4 Leibowitz's ghost, average DsBe


Innate Abilities, Weirdness & Mutations

You are surrounded by a mild repulsion field (EV +2).
When hurt, damage is shared between your health and your magic reserves.


Message History

You feel a strong urge to attack something.
You hit the hobgoblin.
You kill the hobgoblin!
You feel sick.
You are no longer poisoned.
You puncture the hobgoblin!
You kill the hobgoblin!
You are no longer berserk.
You are exhausted.
You feel yourself slow down.
You are feeling very hungry.
You hit the goblin.
You kill the goblin!
Casting: Sting
Confirm with . or Enter, or press ? or * to list all spells.
Aiming: Sting
Press: ? - help, Shift-Dir - straight line, f - hobgoblin
Aim: a hobgoblin The sting misses the hobgoblin.
The hobgoblin hits you.
You die...

.. ... #..# #.#
... #..# #.#
...#+#
#.###.##......
##.............
#.......#.... .
#.#....(..#....
#.#.........#
#@#...)#.......
#g##...#.#.....
#).)).........#
####g#.#.#.#.##
)...#.#.# #
##$..#.# #
..#.#.# #....
....#.


You could see a hobgoblin.

Vanquished Creatures
  An ogre (D:4)
  A scorpion (D:4)
  Jessica (D:3)
  Robin (D:4)
  5 adders
  An ooze (D:3)
  7 worms
  2 giant geckos
  9 orcs
  A ball python (D:2)
  5 giant cockroaches
  16 goblins
  7 hobgoblins
  2 jackals (D:1)
  5 kobolds
  2 quokkas
  7 bats
  2 giant newts (D:2)
  7 rats
82 creatures vanquished.

Notes
Turn   | Place    | Note
--------------------------------------------------------------
     0 | D:1      | Oddball22 the Demonspawn Venom Mage began the quest for the Orb.
     0 | D:1      | Reached XP level 1. HP: 13/13 MP: 3/3
   634 | D:1      | Gained mutation: When hurt, damage is shared between your health and your magic reserves. [demonic ancestry]
   634 | D:1      | Reached XP level 2. HP: 19/19 MP: 1/5
   681 | D:1      | Learned a level 2 spell: Cure Poison
  1553 | D:1      | Gained mutation: You are surrounded by a mild repulsion field (EV +2). [demonic ancestry]
  1553 | D:1      | Reached XP level 3. HP: 16/24 MP: 0/6
  1848 | D:2      | Reached skill level 5 in Poison Magic
  1961 | D:2      | Learned a level 3 spell: Mephitic Cloud
  2369 | D:2      | Reached XP level 4. HP: 26/30 MP: 5/7
  2462 | D:2      | Found a blossoming altar of Fedhas.
  2462 | D:2      | Found an ancient bone altar of Kikubaaqudgha.
  3032 | D:2      | Found a glowing silver altar of Zin.
  3306 | D:3      | Noticed Ebilmort's ghost (average HuCK)
  3315 | D:3      | Found a shimmering altar of Xom.
  3467 | D:3      | Noticed Jessica
  3473 | D:3      | Killed Jessica
  3473 | D:3      | Reached skill level 1 in Conjurations
  3473 | D:3      | Reached XP level 5. HP: 35/35 MP: 7/9
  3722 | D:3      | Noticed Grinder
  3727 | D:3      | Paralysed by Grinder for 4 turns
  4021 | D:4      | Reached skill level 6 in Poison Magic
  4105 | D:4      | Noticed an ogre
  4123 | D:4      | Killed an ogre
  4123 | D:4      | Reached XP level 6. HP: 41/41 MP: 6/11
  4180 | D:4      | Learned a level 4 spell: Olgreb's Toxic Radiance
  4182 | D:4      | Noticed Leibowitz's ghost (average DsBe)
  4202 | D:4      | Noticed Robin
  4213 | D:4      | Killed Robin
  4230 | D:4      | HP: 3/61 [poisoned by you (toxic radiance)]
  4235 | D:4      | Slain by a hobgoblin

Vault maps used:
D:1:      lightli_arrival_maybe_door_vault
D:2:      grunt_temple_overflow_growth_and_decay, zin_treasury, first_bread,
          minivault_24, minmay_misc_feat_five, minmay_close_crescents
D:3:      nicolae_overflow_hidden_temple, uniq_grinder, uniq_jessica
D:4:      forest_paths, uniq_robin

Action                   |  1- 3 |  4- 6 || total
-------------------------+-------+-------++-------
Melee: Dagger            |    76 |    67 ||   143
       Unarmed           |     5 |       ||     5
 Cast: Sting             |    74 |    94 ||   168
       Cure Poison       |       |     2 ||     2
       Mephitic Cloud    |       |     1 ||     1
       Olgreb's Toxic Ra |       |     1 ||     1
 Abil: Evoke Berserk Rag |       |     1 ||     1
 Stab: Sleeping          |     2 |     2 ||     4
  Eat: Chunk             |     6 |     4 ||    10
       Beef jerky        |       |     1 ||     1
